 Dungeon Crawl Stone Soup version 0.29.1-1-gd02db6906a (webtiles) character file.

Game seed: 2056771369232348164

335 xian the Firebug (level 6, 0/45 HPs)
             Began as a Draconian Fire Elementalist on Sept 24, 2022.
             Slain by Pikel
             ... wielding a +2 whip of freezing
              (4 damage)
             ... on level 4 of the Dungeon.
             The game lasted 00:09:01 (3896 turns).

xian the Firebug (Draconian Fire Elementalist)      Turns: 3896, Time: 00:09:01

Health: 0/45       AC:  7    Str: 11    XL:     6   Next: 28%
Magic:  2/11       EV: 12    Int: 17    God:
Gold:   185        SH:  0    Dex: 11    Spells: 5/12 levels left

rFire   + . .      SeeInvis .   t - +3 dagger (protect)
rCold   x . .      Faith    .   (no shield)
rNeg    . . .      Spirit   .   (body armour unavailable)
rPois   .          Reflect  .   (helmet restricted)
rElec   .          Harm     .   C - +0 cloak
rCorr   .          Rampage  .   (no gloves)
Will    .....                   (no boots)
Stlth   ++........              x - amulet of the acrobat
HPRegen 0.15/turn               g - ring of fire
MPRegen 0.12/turn               u - ring of wizardry

@: slowed, very slow
A: AC +6, unfitting armour, cold-blooded
a: no special abilities


You were on level 4 of the Dungeon.
You visited 1 branch of the dungeon, and saw 4 of its levels.

You collected 185 gold pieces.

Inventory:

Hand Weapons
 t - a +3 dagger of protection (weapon)
 D - a +2 quarterstaff of chaos
Missiles
 e - 15 poisoned darts
Armour
 C - a +0 cloak (worn)
Jewellery
 g - a ring of fire (left hand)
 q - a ring of magical power
 u - a ring of wizardry (right hand)
 w - a +6 ring of strength
 x - an amulet of the acrobat (around neck)
 F - a ring of protection from cold
Wands
 b - a wand of flame (26)
 y - a wand of digging (2)
Scrolls
 c - 2 scrolls of teleportation {unknown}
 h - 2 scrolls of acquirement {unknown}
 i - a scroll of enchant armour {unknown}
 k - 2 scrolls of silence
 l - 5 scrolls of identify
 n - a scroll of enchant weapon
 r - a scroll of fear {unknown}
 E - a scroll of amnesia {unknown}
Potions
 a - a potion of magic
 d - 2 potions of might {unknown}
 f - a potion of brilliance {unknown}
 j - a potion of attraction {unknown}
 m - a potion of heal wounds {unknown}
 p - 2 potions of degeneration {unknown}
 s - a potion of haste {unknown}
 v - a potion of resistance {unknown}
 z - 2 potions of flight {unknown}
 A - 2 potions of mutation {unknown}
 B - a potion of cancellation {unknown}


   Skills:
 + Level 1.1 Short Blades
 + Level 2.6 Dodging
 + Level 2.4 Stealth
 + Level 3.5 Spellcasting
 + Level 2.9 Conjurations
 + Level 4.4 Fire Magic


You had 5 spell levels left.
You knew the following spells:

 Your Spells              Type           Power      Damage    Failure   Level
a - Foxfire               Conj/Fire      92%        2x1d8     1%          1
b - Scorch                Fire           54%        2d8       1%          2
c - Inner Flame           Hex/Fire       15%        N/A       9%          3
d - Magic Dart            Conj           48%        1d5       1%          1

Your spell library contained the following spells:

 Spells                   Type           Power      Damage    Failure   Level
 Conjure Flame            Conj/Fire      23%        6-21      4%          3
 Freeze                   Ice            8%         1d3       7%          1
 Blink                    Tloc           4%         N/A       11%         2
 Call Imp                 Summ           2%         N/A       11%         2
 Mephitic Cloud           Conj/Pois/Air  6%         N/A       13%         3
 Flame Wave               Conj/Fire      23%        2d8       16%         4
 Frozen Ramparts          Ice            4%         1d1       21%         3
 Hailstorm                Conj/Ice       7%         3d4       32%         4
 Manifold Assault         Tloc           2%         N/A       86%         5
 Storm Form               Tmut/Air       1%         N/A       100%        7


Dungeon Overview and Level Annotations

Branches:
Dungeon (4/15)
 Temple: D:4-7

Altars:

Shops:
D:3 [

Annotations:
D:4 Pikel


Innate Abilities, Weirdness & Mutations

Your plain brown scales are hard. (AC +6)
You cannot fit into any form of body armour.
You are cold-blooded and may be slowed by cold attacks.


Message History

It is a scroll of identify.
k - 2 scrolls of silence The foxfire hits the orc priest.
The orc priest is almost dead.
The foxfire hits the orc priest.
You kill the orc priest!
A lemure comes into view.
As you read the scroll labelled HEFITSE JUSY, it crumbles to dust.
It is a scroll of enchant weapon.
Your +2 dagger of protection glows red for a moment.
The orc barely misses you. Pikel hits you but does no damage.
A ball python comes into view.
As you read the scroll labelled WEIXTAIMUB, it crumbles to dust.
The scroll dissolves into smoke.
It was a scroll of fog.
The ball python hisses angrily.
The orc hits you but does no damage. Pikel hits you but does no damage.
The orc completely misses you.
The ball python completely misses you. x2
Pikel attacks as you move away! Pikel misses you.
The orc attacks as you move away! The orc closely misses you.
The ball python completely misses you. x2
Unknown command.
Pikel attacks as you move away!
Pikel hits you with a +2 whip of freezing.
* * * LOW HITPOINT WARNING * * *
You feel yourself slow down. Pikel freezes you.
* * * LOW HITPOINT WARNING * * *
You are too injured to fight recklessly!
You are too injured to fight recklessly!
You are too injured to fight recklessly!
You are too injured to fight recklessly!
You are too injured to fight recklessly!
Casting: Foxfire (safe; 1% risk of failure)
Confirm with . or Enter, or press ? or * to list all spells.
You feel a surge of power!
You conjure some foxfire!
You feel yourself speed up. Pikel closely misses you.
The orc hits you but does no damage.
Pikel hits you with a +2 whip of freezing!
* * * LOW HITPOINT WARNING * * *
You feel yourself slow down. Pikel freezes you.
You die...

.... ....### #.....
#.o....#
.#.....###...#....
..........)###.... ..
##... #....##.....##.).
#.....##......5....#..
.....###§#....#. ..# .
#..v#§§§§..###..##..
.##.@oS§§.5†.........
.......vK5§§§..........#
.###..####§§§..........#
..... #........#...#
#...............### ##
#..#.......###...#
...#...#...)#....... ..
##. ##............ #
#.###.......#


You could see Pikel, a lemure, an orc (ally target) and a ball python.

Vanquished Creatures
  A phantom (D:3)
  A lemure (D:4)
  Crazy Yiuf (D:3)
  2 orc priests
  Natasha (D:2)
  2 orc wizards
  3 adders
  A worm (D:3)
  7 orcs
  4 bats
  5 endoplasms
  2 goblins
  5 hobgoblins
  3 jackals (D:1)
  8 quokkas
  A ball python (D:2)
  6 frilled lizards
  7 kobolds
  6 rats
66 creatures vanquished.

Vanquished Creatures (others)
  187 foxfires
187 creatures vanquished.

Grand Total: 253 creatures vanquished

Notes
Turn   | Place    | Note
-------+----------+-------------------------------------------
     0 | D:1      | xian the Draconian Fire Elementalist began the quest for
                  | the Orb.
     0 | D:1      | Reached XP level 1. HP: 14/14 MP: 3/3
   539 | D:1      | Reached XP level 2. HP: 20/20 MP: 1/5
   952 | D:1      | Learned a level 2 spell: Scorch
  1456 | D:2      | Noticed Natasha
  1459 | D:2      | Killed Natasha
  1460 | D:2      | Reached XP level 3. HP: 22/26 MP: 1/6
  2467 | D:2      | Learned a level 3 spell: Inner Flame
  2484 | D:2      | Reached XP level 4. HP: 33/33 MP: 2/7
  2732 | D:3      | Noticed a phantom
  2735 | D:3      | Reached skill level 4 in Fire Magic
  2747 | D:3      | Killed a phantom
  2748 | D:3      | Reached skill level 1 in Short Blades
  2748 | D:3      | Reached XP level 5. HP: 37/38 MP: 0/9
  2839 | D:3      | Learned a level 1 spell: Magic Dart
  3379 | D:3      | Found a faded altar of an unknown god.
  3434 | D:3      | Found a runed translucent door.
  3435 | D:3      | Noticed Crazy Yiuf
  3452 | D:3      | Killed Crazy Yiuf
  3453 | D:3      | Reached XP level 6. HP: 45/45 MP: 2/10
  3748 | D:3      | Found Xuthri Rixaq's Antique Armour Emporium.
  3885 | D:4      | Noticed Pikel
  3896 | D:4      | Slain by Pikel

Illustrated notes

Levels and vault maps discovered:
D:1:      dpeg_arrival_another_circle, layout_basic,
          chequers_serial_rivers_room_b
D:2:      layout_loops_corners, nrook_loot_triangle, uniq_natasha
D:3:      layout_loops_ring, ebering_ecumenical_altar_mist, serial_shops,
          shop_statue, minmay_curled_crystal, reono_crystal_passage,
          uniq_crazy_yiuf_cottage
D:4:      layout_cave_pools, mainiacjoe_overflow_24_doors,
          minmay_temple_entry_enclosed_plants, uniq_blork_the_orc, uniq_duvessa,
          uniq_pikel

Skill      XL: |  1  2  3  4  5 |
---------------+----------------+-----
Dodging        | 2 |  2.6
Stealth        | 2 |  2.4
Fire Magic     | 4 |  4.4
Short Blades   | 1 |  1.1
Conjurations   | 2 |  2.9
Spellcasting   | 3 |  3.5

Action                   |  1- 3 |  4- 6 || total
-------------------------+-------+-------++-------
Melee: Unarmed           |     3 |       ||     3
       Short sword       |    29 |       ||    29
       Tailslap          |     2 |     4 ||     6
       Dagger            |       |    39 ||    39
 Cast: Foxfire           |    71 |    47 ||   118
       Scorch            |     1 |     3 ||     4
       Magic Dart        |       |     1 ||     1
       Inner Flame       |       |     1 ||     1
  Use: Scroll            |       |     3 ||     3
 Stab: Sleeping          |     1 |     1 ||     2
Armor: Skin              |    14 |    30 ||    44
Dodge: Dodged            |    41 |    52 ||    93
